[Event "17th Memorial Lezcano Montalvo 2025"]
[Site "Gran Canaria"]
[Date "2025.04.19"]
[Round "8.1"]
[White "Fiorito, Joaquin"]
[Black "Kaczur, Florian"]
[Result "1/2-1/2"]
[Annotator "RC"]
[ECO "A32"]
[WhiteElo "2402"]
[BlackElo "2495"]
[PlyCount "128"]
[EventDate "2025.04.13"]
[EventType "swiss"]
[EventCountry "ESP"]
[SourceTitle "playchess.com"]
[Source "ChessBase"]
[SourceQuality "1"]
[TimeControl "5400+30"]

1. d4 Nf6 2. c4 e6 3. Nf3 Bb4+ 4. Bd2 Be7 5. g3 c5 6. Bg2 cxd4 7. Nxd4 Nc6 8. Bc3 O-O 9. O-O d5 10. cxd5 Nxd5 11. Nxc6 bxc6 12. e4 Nxc3 13. Nxc3 Ba6 14. Qxd8 Rfxd8 15. Rfd1 Rab8 16. Rxd8+ Bxd8 17. b3 Bf6 18. Rc1 Rd8 19. Bf1 Bxf1 20. Kxf1 Rd2 21. a4 g5 22. Ne2 Rb2 23. Rxc6 Rxb3 24. Ra6 Rb7 25. f4 Kg7 26. e5 Bd8 27. Nc3 gxf4 28. gxf4 Rb3 29. Nb5 Bb6 30. Kg2 Kg6 31. Nd6 Ra3 32. f5+ Kg5 33. fxe6 fxe6 34. Nc4 Ra2+ 35. Kf3 Kf5 36. Nxb6 Ra3+ 37. Kg2 axb6 38. Rxb6 Rxa4 39. Rb7 Rh4 40. Kg3 Rh6 41. h4 Rg6+ 42. Kf3 h6 43. Rh7 Kxe5 44. h5 Rf6+ 45. Kg4 Kd5 46. Rg7 e5 47. Ra7 e4 48. Ra5+ Kd4 49. Ra4+ Kd3 50. Ra3+ Kd2 51. Ra2+ Kc3 52. Ra3+ Kd2 53. Ra2+ Ke1 54. Ra1+ Ke2 55. Ra2+ Kf1 56. Ra1+ Kf2 57. Ra2+ Ke3 58. Ra3+ Kd4 59. Ra4+ Kd5 60. Ra5+ Ke6 61. Ra6+ Kf7 62. Rxf6+ Kxf6 63. Kf4 e3 64. Kxe3 Ke5 1/2-1/2

[Event "17th Memorial Lezcano Montalvo 2025"]
[Site "Gran Canaria"]
[Date "2025.04.19"]
[Round "8.2"]
[White "Larino Nieto, David"]
[Black "Pap, Misa"]
[Result "1-0"]
[Annotator "RC"]
[ECO "A38"]
[WhiteElo "2448"]
[BlackElo "2444"]
[PlyCount "121"]
[EventDate "2025.04.13"]
[EventType "swiss"]
[EventCountry "ESP"]
[SourceTitle "playchess.com"]
[Source "ChessBase"]
[SourceQuality "1"]
[TimeControl "5400+30"]

1. b3 g6 2. Bb2 Nf6 3. c4 Bg7 4. Nf3 c5 5. g3 d6 6. Bg2 e5 7. d3 Nc6 8. O-O O-O 9. Nc3 Re8 10. h3 Rb8 11. e3 h6 12. Nd2 a6 13. Nd5 Be6 14. a3 Ne7 15. e4 Nc6 16. a4 h5 17. Nf3 Nd4 18. Nxd4 cxd4 19. a5 Nxd5 20. exd5 Bf5 21. b4 Rc8 22. Re1 h4 23. g4 Bd7 24. Bc1 f5 25. gxf5 Bxf5 26. Be4 Qd7 27. Qf3 Bxh3 28. Bxg6 Bg4 29. Qe4 Rf8 30. f4 Bh3 31. Kh2 Bf5 32. Bxf5 Qxf5 33. Ra2 exf4 34. Qf3 Rce8 35. Rg1 h3 36. Kh1 Rf6 37. Rh2 Rg6 38. Rf1 Rg3 39. Qxf4 Qxf4 40. Bxf4 Rxd3 41. Bxd6 Rf3 42. Rd1 d3 43. Rhd2 Ree3 44. Bc5 Re2 45. Rxd3 Rf4 46. d6 h2 47. d7 Bf6 48. d8=Q+ Bxd8 49. Rxd8+ Kg7 50. R8d2 Rxd2 51. Rxd2 Rxc4 52. Kxh2 Kf6 53. Rd7 Ke5 54. Rxb7 Kf4 55. Rf7+ Kg4 56. Kg2 Rc2+ 57. Kf1 Rc1+ 58. Ke2 Rc2+ 59. Kd3 Rc1 60. Ke4 Re1+ 61. Kd5 1-0

[Event "17th Memorial Lezcano Montalvo 2025"]
[Site "Gran Canaria"]
[Date "2025.04.19"]
[Round "8.3"]
[White "Barski, Radoslaw"]
[Black "Korneev, Oleg"]
[Result "0-1"]
[Annotator "RC"]
[ECO "C54"]
[WhiteElo "2385"]
[BlackElo "2466"]
[PlyCount "86"]
[EventDate "2025.04.13"]
[EventType "swiss"]
[EventCountry "ESP"]
[SourceTitle "playchess.com"]
[Source "ChessBase"]
[SourceQuality "1"]
[TimeControl "5400+30"]

1. e4 e5 2. Nf3 Nc6 3. Bc4 Bc5 4. c3 Nf6 5. d3 a6 6. O-O Ba7 7. a4 h6 8. Re1 O-O 9. h3 d6 10. Nbd2 Ne7 11. Nf1 Ng6 12. Ng3 c6 13. Bb3 d5 14. exd5 Nxd5 15. d4 exd4 16. Nxd4 Be6 17. Be3 Nxe3 18. Rxe3 Bxb3 19. Qxb3 c5 20. Ndf5 c4 21. Qxb7 Bxe3 22. Nxe3 Qb8 23. Qxb8 Raxb8 24. Ra2 Rfc8 25. Ngf5 Rc6 26. a5 Kf8 27. Nd4 Rc5 28. Nec2 Nf4 29. Nb4 Ra8 30. Kf1 Nd5 31. Nbc2 Re8 32. g3 g6 33. Ra4 Rb8 34. Ra2 Rc7 35. Na3 Ke7 36. Ke2 Kd6 37. Kd2 Kc5 38. Nac2 Rcb7 39. Kc1 h5 40. Nf3 Re8 41. Nd2 Re2 42. Na3 Rbe7 43. Ndxc4 Nxc3 0-1

[Event "17th Memorial Lezcano Montalvo 2025"]
[Site "Gran Canaria"]
[Date "2025.04.19"]
[Round "8.4"]
[White "Petriashvili, Nikoloz"]
[Black "Castellanos Gomez, Alejandro"]
[Result "1-0"]
[Annotator "RC"]
[ECO "C00"]
[WhiteElo "2459"]
[BlackElo "2267"]
[PlyCount "91"]
[EventDate "2025.04.13"]
[EventType "swiss"]
[EventCountry "ESP"]
[SourceTitle "playchess.com"]
[Source "ChessBase"]
[SourceQuality "1"]
[TimeControl "5400+30"]

1. e4 e6 2. Qe2 g6 3. d4 Bg7 4. Nf3 Ne7 5. g3 O-O 6. Bg2 d5 7. O-O b6 8. Rd1 Ba6 9. Qe1 Nd7 10. Nc3 Re8 11. Bf4 Nf6 12. a4 Bb7 13. Nd2 a6 14. a5 Nc6 15. axb6 cxb6 16. e5 Nh5 17. Be3 Bf8 18. Ne2 Ng7 19. Nf3 Rc8 20. Bg5 Qd7 21. Qd2 Na5 22. Nf4 Qc6 23. Ne1 Nf5 24. g4 Nc4 25. Qc1 Nxd4 26. Rxd4 Nxe5 27. Nfd3 Nc4 28. Bh6 Bd6 29. b3 Na5 30. Qg5 Be7 31. Qe5 f6 32. Qe3 Qd7 33. Rda4 Bc6 34. Qxb6 Bd8 35. Qb4 Bxa4 36. Qxa4 Qf7 37. Bd2 Nc6 38. Qxa6 Bc7 39. Ra4 Ne5 40. g5 fxg5 41. Bxg5 Qf5 42. Bf4 Rf8 43. Bg3 Nxd3 44. Nxd3 Bxg3 45. hxg3 Rxc2 46. Rf4 1-0

[Event "17th Memorial Lezcano Montalvo 2025"]
[Site "Gran Canaria"]
[Date "2025.04.19"]
[Round "8.5"]
[White "Alsina Leal, Daniel"]
[Black "Strikovic, Aleksa"]
[Result "1/2-1/2"]
[Annotator "RC"]
[ECO "A21"]
[WhiteElo "2496"]
[BlackElo "2367"]
[PlyCount "21"]
[EventDate "2025.04.13"]
[EventType "swiss"]
[EventCountry "ESP"]
[SourceTitle "playchess.com"]
[Source "ChessBase"]
[SourceQuality "1"]
[TimeControl "5400+30"]

1. c4 e5 2. Nc3 Bb4 3. Nd5 Be7 4. d4 exd4 5. Qxd4 Nf6 6. Nxe7 Qxe7 7. Bg5 Nc6 8. Qc3 d6 9. Nf3 Ne5 10. Nxe5 Qxe5 11. Qxe5+ 1/2-1/2

[Event "17th Memorial Lezcano Montalvo 2025"]
[Site "Gran Canaria"]
[Date "2025.04.19"]
[Round "8.6"]
[White "Gomez Ledo, Roberto Carlos"]
[Black "Narciso Dublan, Marc"]
[Result "1/2-1/2"]
[Annotator "RC"]
[ECO "C46"]
[WhiteElo "2396"]
[BlackElo "2376"]
[PlyCount "99"]
[EventDate "2025.04.13"]
[EventType "swiss"]
[EventCountry "ESP"]
[SourceTitle "playchess.com"]
[Source "ChessBase"]
[SourceQuality "1"]
[TimeControl "5400+30"]

1. e4 e5 2. Nf3 Nc6 3. Nc3 Bc5 4. Nxe5 Nxe5 5. d4 Bd6 6. dxe5 Bxe5 7. Bd3 Nf6 8. O-O d6 9. Ne2 Nd7 10. f4 Bf6 11. c3 O-O 12. Ng3 Re8 13. Bc2 Be7 14. Qf3 Bf8 15. Be3 c6 16. Rae1 Qc7 17. Bd4 c5 18. Bf2 Nf6 19. h3 Bd7 20. Kh1 a5 21. a4 b5 22. e5 Bc6 23. Qd3 dxe5 24. fxe5 Rxe5 25. Rxe5 Qxe5 26. axb5 c4 27. Qd2 Qxb5 28. Bd4 Nh5 29. Nf5 g6 30. Bd1 Qxf5 31. Rxf5 Ng3+ 32. Kg1 Nxf5 33. Bf2 Re8 34. Qf4 Nd6 35. Bf3 Bxf3 36. Qxf3 Ne4 37. Qe2 Nd6 38. Qd1 Ne4 39. Qe2 Nd6 40. Qg4 Ne4 41. Bd4 Re6 42. Qe2 Nxc3 43. Qxc4 Ne2+ 44. Kf2 Nxd4 45. Qxd4 h5 46. Qd8 Re5 47. Kf1 Rf5+ 48. Ke2 Rb5 49. b3 Rxb3 50. Qxa5 1/2-1/2

[Event "17th Memorial Lezcano Montalvo 2025"]
[Site "Gran Canaria"]
[Date "2025.04.19"]
[Round "8.7"]
[White "Garcia Padron, Jose"]
[Black "Petriashvili, Nikoloz"]
[Result "*"]
[Annotator "RC"]
[ECO "B33"]
[WhiteElo "2355"]
[BlackElo "2459"]
[PlyCount "23"]
[EventDate "2025.04.13"]
[EventType "swiss"]
[EventCountry "ESP"]
[SourceTitle "playchess.com"]
[Source "ChessBase"]
[SourceQuality "1"]
[TimeControl "5400+30"]

1. e4 c5 2. Nf3 Nc6 3. d4 cxd4 4. Nxd4 Nf6 5. Nc3 e5 6. Ndb5 d6 7. Nd5 Nxd5 8. exd5 Ne7 9. c3 Nf5 10. a4 Be7 11. Bd3 O-O 12. O-O *

[Event "17th Memorial Lezcano Montalvo 2025"]
[Site "Gran Canaria"]
[Date "2025.04.19"]
[Round "8.7"]
[White "Torres Rebolledo, Alvaro"]
[Black "Alsina Leal, Daniel"]
[Result "1-0"]
[Annotator "RC"]
[ECO "B33"]
[WhiteElo "2311"]
[BlackElo "2496"]
[PlyCount "109"]
[EventDate "2025.04.13"]
[EventType "swiss"]
[EventCountry "ESP"]
[SourceTitle "playchess.com"]
[Source "ChessBase"]
[SourceQuality "1"]
[TimeControl "5400+30"]

1. e4 c5 2. Nf3 Nc6 3. d4 cxd4 4. Nxd4 Nf6 5. Nc3 e5 6. Ndb5 d6 7. Nd5 Nxd5 8. exd5 Ne7 9. c3 Nf5 10. a4 Be7 11. Bd3 O-O 12. O-O Bd7 13. f4 exf4 14. Bxf4 a6 15. Na3 Nh4 16. Kh1 Ng6 17. Bg3 Qc7 18. Nc4 b5 19. axb5 axb5 20. Na3 Qb6 21. Qe2 Rae8 22. Bxb5 Bh4 23. Qf2 Qxf2 24. Bxf2 Bxf2 25. Rxf2 Re7 26. Bxd7 Rxd7 27. Nb5 Rb8 28. c4 Ne5 29. b3 Kf8 30. Rfa2 Ke7 31. Ra7 Rbb7 32. Rxb7 Rxb7 33. Ra6 Rd7 34. Kg1 Nd3 35. Nd4 Kf6 36. Nc6 Rb7 37. b4 Nxb4 38. Nxb4 Rxb4 39. Rxd6+ Ke7 40. Rc6 Kd7 41. Kf2 Rb2+ 42. Kf3 Rc2 43. h4 h5 44. g3 Rc3+ 45. Kf4 f6 46. c5 Rd3 47. Ke4 Rxg3 48. Ra6 g5 49. Ra7+ Kc8 50. d6 Rc3 51. Kd5 gxh4 52. c6 Kb8 53. Rh7 Re3 54. Rh8+ Ka7 55. c7 1-0

[Event "17th Memorial Lezcano Montalvo 2025"]
[Site "Gran Canaria"]
[Date "2025.04.19"]
[Round "8.8"]
[White "Maerevoet, Sim"]
[Black "Fiorito, Fabian"]
[Result "*"]
[Annotator "RC"]
[ECO "A62"]
[WhiteElo "2451"]
[BlackElo "2268"]
[PlyCount "23"]
[EventDate "2025.04.13"]
[EventType "swiss"]
[EventCountry "ESP"]
[SourceTitle "playchess.com"]
[Source "ChessBase"]
[SourceQuality "1"]
[TimeControl "5400+30"]

1. d4 g6 2. Nf3 Bg7 3. c4 c5 4. d5 d6 5. g3 Nf6 6. Nc3 O-O 7. Bg2 e6 8. O-O exd5 9. cxd5 Re8 10. Bf4 h6 11. h3 g5 12. Bc1 *

[Event "17th Memorial Lezcano Montalvo 2025"]
[Site "Gran Canaria"]
[Date "2025.04.19"]
[Round "8.8"]
[White "Martinez Ramirez, Lennis"]
[Black "Brito Garcia, Alfredo"]
[Result "0-1"]
[Annotator "RC"]
[ECO "A62"]
[WhiteElo "2443"]
[BlackElo "2214"]
[PlyCount "88"]
[EventDate "2025.04.13"]
[EventType "swiss"]
[EventCountry "ESP"]
[SourceTitle "playchess.com"]
[Source "ChessBase"]
[SourceQuality "1"]
[TimeControl "5400+30"]

1. d4 g6 2. Nf3 Bg7 3. c4 c5 4. d5 d6 5. g3 Nf6 6. Nc3 O-O 7. Bg2 e6 8. O-O exd5 9. cxd5 Re8 10. Bf4 h6 11. h3 g5 12. Bc1 Nbd7 13. a4 b6 14. Rb1 Nf8 15. Qc2 Ng6 16. b4 g4 17. hxg4 Nxg4 18. bxc5 bxc5 19. Nb5 Qe7 20. Re1 Rb8 21. Bd2 a6 22. Na3 Rxb1 23. Qxb1 Qe4 24. Qb3 Bf5 25. e3 Qd3 26. Qxd3 Bxd3 27. Nh4 Nxh4 28. gxh4 Rb8 29. Bf1 Ne5 30. Bg2 Rb3 31. Bc1 Bg6 32. Rf1 Nd3 33. Nc4 Rc3 34. Nxd6 Nxc1 35. Nb7 Ne2+ 36. Kh1 c4 37. d6 Rd3 38. Re1 Nc3 39. e4 Be5 40. f4 Bxf4 41. e5 Bg3 42. Rg1 Ne2 43. Rb1 Rd4 44. Rf1 Rxh4+ 0-1

[Event "17th Memorial Lezcano Montalvo 2025"]
[Site "Gran Canaria"]
[Date "2025.04.19"]
[Round "8.9"]
[White "Narciso Dublan, Marc"]
[Black "Ambartsumova, Karina"]
[Result "*"]
[Annotator "RC"]
[ECO "E73"]
[WhiteElo "2376"]
[BlackElo "2405"]
[PlyCount "22"]
[EventDate "2025.04.13"]
[EventType "swiss"]
[EventCountry "ESP"]
[SourceTitle "playchess.com"]
[Source "ChessBase"]
[SourceQuality "1"]
[TimeControl "5400+30"]

1. d4 Nf6 2. c4 g6 3. Nc3 Bg7 4. e4 d6 5. Be2 O-O 6. g4 e5 7. d5 c6 8. h4 Ne8 9. Be3 f5 10. gxf5 gxf5 11. exf5 Bxf5 *

[Event "17th Memorial Lezcano Montalvo 2025"]
[Site "Gran Canaria"]
[Date "2025.04.19"]
[Round "8.9"]
[White "Tytynnik, Artem"]
[Black "Kovchan, Alexander"]
[Result "0-1"]
[Annotator "RC"]
[ECO "A62"]
[WhiteElo "2209"]
[BlackElo "2433"]
[PlyCount "67"]
[EventDate "2025.04.13"]
[EventType "swiss"]
[EventCountry "ESP"]
[SourceTitle "playchess.com"]
[Source "ChessBase"]
[SourceQuality "1"]
[TimeControl "5400+30"]

1. d4 g6 2. Nf3 Bg7 3. c4 c5 4. d5 d6 5. g3 Nf6 6. Nc3 O-O 7. Bg2 e6 8. O-O exd5 9. cxd5 Re8 10. Bf4 h6 11. h3 g5 12. Bc1 Nbd7 13. a4 b6 14. Rb1 Nf8 15. Qc2 Ng6 16. b4 g4 17. hxg4 Nxg4 18. bxc5 bxc5 19. Nb5 Qe7 20. Re1 Rb8 21. Bd2 a6 22. Na3 Rxb1 23. Qxb1 Qe4 24. Qb3 Bf5 25. e3 Qd3 26. Qxd3 Bxd3 27. Nh4 Nxh4 28. gxh4 Rb8 29. Bf1 Ne5 30. Bg2 Rb3 31. Bc1 Bg6 32. Rf1 Nd3 33. Nc4 Rc3 34. Nxd6 0-1

[Event "17th Memorial Lezcano Montalvo 2025"]
[Site "Gran Canaria"]
[Date "2025.04.19"]
[Round "8.10"]
[White "Fiorito, Francisco"]
[Black "Garcia Brion, Eduardo"]
[Result "1/2-1/2"]
[Annotator "RC"]
[ECO "A04"]
[WhiteElo "2431"]
[BlackElo "2171"]
[PlyCount "25"]
[EventDate "2025.04.13"]
[EventType "swiss"]
[EventCountry "ESP"]
[SourceTitle "playchess.com"]
[Source "ChessBase"]
[SourceQuality "1"]
[TimeControl "5400+30"]

1. Nf3 e6 2. b3 b6 3. Bb2 Bb7 4. c4 Nf6 5. e3 g6 6. Nc3 Bg7 7. Qc2 d6 8. d4 O-O 9. Be2 Qe7 10. e4 c5 11. e5 dxe5 12. dxe5 Nfd7 13. Nb5 1/2-1/2

[Event "17th Memorial Lezcano Montalvo 2025"]
[Site "Gran Canaria"]
[Date "2025.04.19"]
[Round "8.11"]
[White "Strikovic, Aleksa"]
[Black "Krilovs, Nikolajs"]
[Result "1-0"]
[Annotator "RC"]
[ECO "A07"]
[WhiteElo "2367"]
[BlackElo "2112"]
[PlyCount "102"]
[EventDate "2025.04.13"]
[EventType "swiss"]
[EventCountry "ESP"]
[SourceTitle "playchess.com"]
[Source "ChessBase"]
[SourceQuality "1"]
[TimeControl "5400+30"]

1. Nf3 d5 2. g3 Bf5 3. c4 c6 4. Qb3 Qb6 5. cxd5 Qxb3 6. axb3 Bxb1 7. dxc6 Nxc6 8. Rxb1 e5 9. d3 Nf6 10. Bg2 Bd6 11. Nd2 Rc8 12. Nc4 Bb8 13. Bd2 O-O 14. b4 b5 15. Na3 a6 16. Rc1 Nd4 17. Rc3 Rcd8 18. e3 Ne6 19. Ke2 Rd6 20. Rc6 Rxc6 21. Bxc6 Bd6 22. Ra1 Rb8 23. Bg2 Nc7 24. Nc2 Rb6 25. Rc1 h5 26. Na1 Nfd5 27. Nb3 f5 28. e4 Ne7 29. Be3 Rc6 30. Bc5 Bxc5 31. exf5 Rd6 32. Rxc5 Ncd5 33. Be4 Kf7 34. Nd2 Nxb4 35. Nf3 Kf6 36. Rxe5 Nbc6 37. Rc5 Nd4+ 38. Nxd4 Rxd4 39. Kd2 Ra4 40. Rc7 Ra1 41. Rb7 Rf1 42. Rb6+ Kf7 43. Ke3 Re1+ 44. Kf3 Rb1 45. Rxa6 Rxb2 46. h3 b4 47. Rb6 Nc8 48. Bd5+ Ke7 49. Re6+ Kf8 50. Ra6 Ke7 51. Re6+ Kf8 1-0

[Event "17th Memorial Lezcano Montalvo 2025"]
[Site "Gran Canaria"]
[Date "2025.04.19"]
[Round "8.12"]
[White "Kovchan, Alexander"]
[Black "Garcia Padron, Juan"]
[Result "*"]
[Annotator "RC"]
[ECO "A65"]
[WhiteElo "2433"]
[BlackElo "2155"]
[PlyCount "32"]
[EventDate "2025.04.13"]
[EventType "swiss"]
[EventCountry "ESP"]
[SourceTitle "playchess.com"]
[Source "ChessBase"]
[SourceQuality "1"]
[TimeControl "5400+30"]

1. e4 d6 2. d4 Nf6 3. f3 g6 4. c4 Bg7 5. Nc3 O-O 6. Nge2 c5 7. d5 e6 8. Ng3 exd5 9. cxd5 a6 10. a4 h5 11. Bg5 Nbd7 12. Be2 Qc7 13. O-O c4 14. Be3 Rb8 15. a5 h4 16. Nh1 Nc5 *

[Event "17th Memorial Lezcano Montalvo 2025"]
[Site "Gran Canaria"]
[Date "2025.04.19"]
[Round "8.12"]
[White "Sanz Wawer, Daniel"]
[Black "Bolivar Castro, Alejandro"]
[Result "1-0"]
[Annotator "RC"]
[ECO "A65"]
[WhiteElo "2316"]
[BlackElo "2006"]
[PlyCount "61"]
[EventDate "2025.04.13"]
[EventType "swiss"]
[EventCountry "ESP"]
[SourceTitle "playchess.com"]
[Source "ChessBase"]
[SourceQuality "1"]
[TimeControl "5400+30"]

1. e4 d6 2. d4 Nf6 3. f3 g6 4. c4 Bg7 5. Nc3 O-O 6. Nge2 c5 7. d5 e6 8. Ng3 exd5 9. cxd5 a6 10. a4 h5 11. Bg5 Nbd7 12. Be2 Qc7 13. O-O c4 14. Be3 Rb8 15. a5 h4 16. Nh1 Nc5 17. Nf2 Bd7 18. Ra2 Rfe8 19. Qc2 Bb5 20. Bg5 Nb3 21. Bxh4 Nxa5 22. Nxb5 axb5 23. Qc3 b4 24. Qxb4 b6 25. Rd1 Nd7 26. Bg3 f5 27. Bxd6 Qc8 28. Bxb8 Qxb8 29. Bxc4 Be5 30. d6+ Kg7 31. Bb5 1-0

[Event "17th Memorial Lezcano Montalvo 2025"]
[Site "Gran Canaria"]
[Date "2025.04.19"]
[Round "8.13"]
[White "Bethencourt Hernandez, Alberto"]
[Black "Yelisieiev, Yevhenii"]
[Result "0-1"]
[Annotator "RC"]
[ECO "B52"]
[WhiteElo "2122"]
[BlackElo "2413"]
[PlyCount "140"]
[EventDate "2025.04.13"]
[EventType "swiss"]
[EventCountry "ESP"]
[SourceTitle "playchess.com"]
[Source "ChessBase"]
[SourceQuality "1"]
[TimeControl "5400+30"]

1. e4 c5 2. Nf3 d6 3. Bb5+ Bd7 4. Bxd7+ Nxd7 5. c4 Ngf6 6. Nc3 e6 7. O-O a6 8. a4 Ne5 9. a5 Nfd7 10. d3 Be7 11. Nxe5 dxe5 12. f4 exf4 13. Bxf4 Bf6 14. Bd6 Be5 15. Qh5 g6 16. Qf3 Qf6 17. Qxf6 Bxf6 18. Rxf6 Nxf6 19. Bxc5 Nd7 20. Bd6 f6 21. Ra3 Ne5 22. Na4 Nc6 23. Nc5 O-O-O 24. Bg3 e5 25. Rb3 Nxa5 26. Rb6 Nc6 27. Kf2 h5 28. Ke3 h4 29. Be1 h3 30. g4 Rh7 31. Bg3 Kb8 32. Nxb7 Rxb7 33. Rxc6 Rb3 34. Rxf6 Rdxd3+ 35. Ke2 Rxg3 36. hxg3 h2 37. Rf8+ Kb7 38. Rh8 Rxb2+ 39. Kd3 Kb6 40. g5 a5 41. Kc3 Rg2 42. g4 Rg3+ 43. Kd2 Kc5 44. Rxh2 Rxg4 45. Rh8 Kxc4 46. Ra8 Kd4 47. Rxa5 Kxe4 48. Ke2 Rg2+ 49. Kf1 Rxg5 50. Ke2 Kf4 51. Ra8 e4 52. Rg8 Rg2+ 53. Kf1 Rg3 54. Ke2 g5 55. Rf8+ Kg4 56. Re8 e3 57. Rh8 Rh3 58. Rg8 Kh4 59. Rh8+ Kg3 60. Rg8 g4 61. Kxe3 Kg2+ 62. Kf4 Rf3+ 63. Kg5 g3 64. Kg4 Ra3 65. Rb8 Ra4+ 66. Kf5 Kh2 67. Rh8+ Kg1 68. Ke5 g2 69. Rh7 Kf2 70. Rf7+ Kg3 0-1

[Event "17th Memorial Lezcano Montalvo 2025"]
[Site "Gran Canaria"]
[Date "2025.04.19"]
[Round "8.14"]
[White "Ambartsumova, Karina"]
[Black "Hu, Jiani"]
[Result "1-0"]
[Annotator "RC"]
[ECO "E01"]
[WhiteElo "2405"]
[BlackElo "2091"]
[PlyCount "141"]
[EventDate "2025.04.13"]
[EventType "swiss"]
[EventCountry "ESP"]
[SourceTitle "playchess.com"]
[Source "ChessBase"]
[SourceQuality "1"]
[TimeControl "5400+30"]

1. c4 e6 2. Nf3 Nf6 3. d4 d5 4. Nc3 c6 5. g3 Ne4 6. Bg2 f5 7. Bf4 Bd6 8. Qc2 O-O 9. e3 Qe7 10. O-O Nd7 11. a3 Ndf6 12. c5 Bxf4 13. exf4 b6 14. Nxe4 Nxe4 15. cxb6 axb6 16. Qxc6 Bd7 17. Qxb6 Rab8 18. Qa7 Ra8 19. Qc7 Rfc8 20. Qe5 Rc2 21. b4 Bb5 22. Rac1 Ra2 23. Rc7 Qf6 24. Rfc1 h6 25. Rc8+ Rxc8 26. Rxc8+ Kh7 27. h3 Qxe5 28. Nxe5 Rxa3 29. Rb8 Nc3 30. Bf3 Be2 31. h4 Bxf3 32. Nxf3 Ne4 33. Ne5 h5 34. b5 Ra1+ 35. Kg2 Ra2 36. Nd3 Rd2 37. Nc5 Rxf2+ 38. Kg1 Rb2 39. Nxe6 Rb1+ 40. Kg2 Rb2+ 41. Kf3 Rb3+ 42. Ke2 Rxb5 43. Rxb5 Nc3+ 44. Kd3 Nxb5 45. Kc2 Kg6 46. Kb3 Kf7 47. Kb4 Nd6 48. Ng5+ Kf6 49. Kc5 Ne4+ 50. Kxd5 Nxg3 51. Kc6 Ke7 52. d5 Ne4 53. Kc7 Nd6 54. Nf3 Ne8+ 55. Kc6 Nd6 56. Nd4 g6 57. Nf3 Ne4 58. Kc7 Nd6 59. Ne5 Nb5+ 60. Kc6 Nd4+ 61. Kc5 Nb3+ 62. Kc4 Nd2+ 63. Kd3 Ne4 64. Kd4 Nf6 65. Kc5 Ne4+ 66. Kc6 g5 67. fxg5 Kd8 68. d6 f4 69. Nf7+ Ke8 70. d7+ Kxf7 71. d8=Q 1-0

[Event "17th Memorial Lezcano Montalvo 2025"]
[Site "Gran Canaria"]
[Date "2025.04.19"]
[Round "8.15"]
[White "Sosa Suarez, Carla Cristina"]
[Black "Garcia Padron, Jose"]
[Result "0-1"]
[Annotator "RC"]
[ECO "C46"]
[WhiteElo "2056"]
[BlackElo "2355"]
[PlyCount "76"]
[EventDate "2025.04.13"]
[EventType "swiss"]
[EventCountry "ESP"]
[SourceTitle "playchess.com"]
[Source "ChessBase"]
[SourceQuality "1"]
[TimeControl "5400+30"]

1. e4 e5 2. Nf3 Nc6 3. Nc3 d6 4. d4 Bd7 5. Be3 Nf6 6. h3 Be7 7. d5 Nb8 8. Qd2 O-O 9. Be2 a5 10. a4 Na6 11. Bxa6 Rxa6 12. Qe2 Ne8 13. g4 Ra8 14. Nb1 c6 15. c4 cxd5 16. cxd5 g6 17. Nc3 Ng7 18. Rg1 Kh8 19. Bh6 Rc8 20. h4 Rg8 21. h5 gxh5 22. gxh5 Nxh5 23. O-O-O Nf6 24. Ng5 Qe8 25. Kb1 Rg6 26. Rh1 Ng4 27. Rdg1 Nxh6 28. Qd2 Qg8 29. Rxh6 Rxg5 30. Rgh1 Rg1+ 31. Ka2 Rxh1 32. Rxh1 Qg5 33. Qe2 Bd8 34. f4 exf4 35. Rh5 Qg7 36. Qh2 Bf6 37. Qxf4 Be5 38. Qh4 f6 0-1

[Event "17th Memorial Lezcano Montalvo 2025"]
[Site "Gran Canaria"]
[Date "2025.04.19"]
[Round "8.16"]
[White "Roquero Redondo, Miguel"]
[Black "Matnadze Bujiashvili, Ann"]
[Result "1-0"]
[Annotator "RC"]
[ECO "B12"]
[WhiteElo "2037"]
[BlackElo "2329"]
[PlyCount "72"]
[EventDate "2025.04.13"]
[EventType "swiss"]
[EventCountry "ESP"]
[SourceTitle "playchess.com"]
[Source "ChessBase"]
[SourceQuality "1"]
[TimeControl "5400+30"]

1. e4 c6 2. d4 d5 3. e5 Bf5 4. Nd2 h5 5. Ngf3 e6 6. Nb3 Nd7 7. Be2 Bg4 8. a4 a5 9. h3 Bxf3 10. Bxf3 g6 11. O-O Nh6 12. Bd2 Nf5 13. Qe1 b6 14. Rc1 g5 15. g3 g4 16. hxg4 hxg4 17. Bxg4 Nh4 18. f3 Ng6 19. c4 Nb8 20. c5 Na6 21. f4 Rg8 22. f5 Nh4 23. Bh5 Nxf5 24. Rxf5 exf5 25. e6 Rg7 26. Qe5 bxc5 27. exf7+ Kd7 28. Qxf5+ Kc7 29. Bxa5+ Kb7 30. Bxd8 Rxd8 31. g4 c4 32. Qe6 Kb6 33. a5+ Kb5 34. Nd2 Nc7 35. Qe5 Rd7 36. Nxc4 Rdxf7 1-0

[Event "17th Memorial Lezcano Montalvo 2025"]
[Site "Gran Canaria"]
[Date "2025.04.19"]
[Round "8.16"]
[White "Sanchez Gonzalez, Diego"]
[Black "Dubkov, Andrej"]
[Result "*"]
[Annotator "ChessBase"]
[ECO "B12"]
[WhiteElo "2025"]
[BlackElo "2307"]
[PlyCount "22"]
[EventDate "2025.04.13"]
[EventType "swiss"]
[EventCountry "ESP"]
[SourceTitle "playchess.com"]
[Source "ChessBase"]
[SourceQuality "1"]
[TimeControl "5400+30"]

1. e4 c6 2. d4 d5 3. e5 Bf5 4. Nd2 h5 5. Ngf3 e6 6. Nb3 Nd7 7. Be2 Bg4 8. a4 a5 9. h3 Bxf3 10. Bxf3 g6 11. O-O Nh6 *

[Event "17th Memorial Lezcano Montalvo 2025"]
[Site "Gran Canaria"]
[Date "2025.04.19"]
[Round "8.17"]
[White "Dubkov, Andrej"]
[Black "Fernandez Lozano, Francesc"]
[Result "1-0"]
[Annotator "RC"]
[ECO "B22"]
[WhiteElo "2307"]
[BlackElo "2042"]
[PlyCount "79"]
[EventDate "2025.04.13"]
[EventType "swiss"]
[EventCountry "ESP"]
[SourceTitle "playchess.com"]
[Source "ChessBase"]
[SourceQuality "1"]
[TimeControl "5400+30"]

1. e4 c5 2. Nf3 g6 3. c3 d5 4. e5 Nc6 5. d4 cxd4 6. cxd4 Bg4 7. Bb5 Rc8 8. O-O e6 9. Nbd2 Bg7 10. h3 Bxf3 11. Nxf3 Nge7 12. Bg5 O-O 13. Rc1 h6 14. Bxc6 hxg5 15. Ba4 Qb6 16. Qd2 Bh6 17. g4 Rxc1 18. Rxc1 Rc8 19. Rxc8+ Nxc8 20. h4 Ne7 21. a3 Nc6 22. Bxc6 Qxc6 23. Kg2 Qb6 24. Qc1 Qd8 25. b4 a6 26. Kf1 Kh7 27. hxg5 Bf8 28. Ne1 Qd7 29. Nd3 Qb5 30. Ke2 Kg8 31. Ke3 b6 32. Qc2 Kg7 33. f4 a5 34. a4 Qc4 35. Qxc4 dxc4 36. bxa5 bxa5 37. Nc5 Be7 38. Kd2 Kf8 39. Kc3 Ke8 40. Kxc4 1-0

[Event "17th Memorial Lezcano Montalvo 2025"]
[Site "Gran Canaria"]
[Date "2025.04.19"]
[Round "8.17"]
[White "Meneses Gonzalez, Kevin Moises"]
[Black "Sosa Suarez, Carla Cristina"]
[Result "*"]
[Annotator "ChessBase"]
[ECO "B22"]
[WhiteElo "2307"]
[BlackElo "2056"]
[PlyCount "25"]
[EventDate "2025.04.13"]
[EventType "swiss"]
[EventCountry "ESP"]
[SourceTitle "playchess.com"]
[Source "ChessBase"]
[SourceQuality "1"]
[TimeControl "5400+30"]

1. e4 c5 2. Nf3 g6 3. c3 d5 4. e5 Nc6 5. d4 cxd4 6. cxd4 Bg4 7. Bb5 Rc8 8. O-O e6 9. Nbd2 Bg7 10. h3 Bxf3 11. Nxf3 Nge7 12. Bg5 O-O 13. Rc1 *